Map: Ulzaan

Players

Alvin

  • Race: Protoss Protoss
  • Spawn Location: 1:00

Zanderfin

  • Race: Protoss Protoss
  • League: Platinum
  • Spawn Location: 3:00

Throwfordays - Winner!

  • Race: Protoss Protoss
  • League: Bronze
  • Spawn Location: 9:00

Cthulhu - Winner!

  • Race: Terran Terran
  • Spawn Location: 11:00

VOD

Have the link to the VOD?

Description

Time

  • Played on: Jan. 29, 2019, 11:43 p.m.
  • Length: 16:22
Show
View Real Time Build Order
Export as new Build Order

Alvin Protoss 

Build Orders:  

Get SALT Encoding   

  12  0:01  Probe  
  13  0:16  Pylon  
  13  0:23  Probe  
  14  0:41  Probe  
  15  0:46  Forge  
  15  0:53  Probe  
  16  1:05  Probe  
  17  1:19  Pylon  
  17  1:28  Pylon  
  17  1:32  Probe  
  18  1:53  Photon Cannon  
  18  1:58  Probe  
  18  2:09  Gateway  
  18  2:12  Probe  
  18  2:14  Assimilator  
  19  2:24  Assimilator, Probe  
  20  2:36  Probe  
  21  2:37  Pylon  
  21  2:48  Probe  
  22  2:58  Photon Cannon  
  22  3:00  Photon Cannon, Probe  
  23  3:05  Cybernetics Core  
  23  3:19  Nexus  
  23  3:24  Pylon  
  23  3:27  Pylon  
  23  3:32  Assimilator, Probe  
  24  3:50  Stargate  
  24  3:51  Probe  
  25  4:00  Probe  
  25  4:03  Photon Cannon  
  25  4:08  Probe  
  27  4:17  Assimilator  
  27  4:18  Probe  
  28  4:30  Probe  
  29  4:32  Stargate  
  29  4:41  Void Ray  
  29  4:42  Probe  
  34  4:46  Probe  
  35  4:56  Probe  
  35  4:59  Probe  
  37  5:08  Probe  
  37  5:11  Probe  
  39  5:17  Void Ray  
  39  5:20  Probe  
  44  5:28  Void Ray  
  44  5:32  Probe x2  
  50  5:44  Probe x2  
  52  5:56  Probe x2  
  54  6:00  Void Ray  
  54  6:02  Pylon  
  54  6:03  Pylon  
  58  6:08  Probe  
  59  6:12  Probe  
  60  6:22  Void Ray  
  60  6:24  Probe  
  65  6:34  Pylon  
  65  6:43  Void Ray  
  69  7:00  Photon Cannon  
  69  7:04  Photon Cannon  
  69  7:05  Void Ray  
  69  7:06  Photon Cannon  
  73  7:09  Pylon  
  73  7:26  Void Ray  
  73  7:53  Void Ray  
  77  8:03  Fleet Beacon  
  77  8:09  Void Ray  
  81  8:13  Photon Cannon  
  81  8:22  Pylon  
  81  8:38  Pylon  
  80  9:14  Assimilator, Nexus  
  80  9:17  Assimilator, Pylon  
  80  9:18  Pylon  
  80  9:26  Anion Pulse-Crystals  
  80  9:39  Pylon x2  
  80  9:42  Pylon  
  80  9:43  Pylon  
  80  9:44  Pylon  
  48  10:04  Void Ray x2  
  56  10:18  Pylon  
  56  10:20  Pylon  
  56  10:24  Pylon  
  56  10:42  Pylon  
  56  10:43  Photon Cannon  
  56  10:45  Pylon, Photon Cannon  
  56  10:46  Void Ray  
  56  10:47  Photon Cannon, Void Ray  
  56  10:48  Pylon  
  56  10:49  Photon Cannon  
  64  11:21  Phoenix x2  
  68  11:33  Stalker  
  68  11:37  Warp Gate  
  70  11:44  Tempest x2  
  80  12:03  Stalker  
  82  12:14  Photon Cannon  
  82  12:15  Photon Cannon  
  82  12:20  Photon Cannon  
  82  12:23  Photon Cannon  
  82  12:28  Carrier x2  
  94  12:33  Stalker  
  96  12:51  Robotics Facility  
  96  12:59  Pylon  
  96  13:03  Stalker  
  98  13:23  Robotics Facility x2  
  98  13:32  Pylon  
  98  13:33  Stalker  
  100  13:35  Pylon  
  100  13:37  Carrier x2  
  112  14:13  Stalker  
  104  14:56  Robotics Bay  
  104  15:05  Stalker  
  106  15:11  Phoenix  
  106  15:12  Phoenix  
  109  15:35  Observer  
Show
View Real Time Build Order
Export as new Build Order

Zanderfin Protoss 

Build Orders: Double Forge 

Get SALT Encoding   

  12  0:01  Probe  
  13  0:09  Probe  
  14  0:20  Pylon  
  14  0:23  Probe  
  15  0:39  Probe  
  15  0:40  Gateway  
  16  0:47  Assimilator  
  16  0:51  Probe  
  17  1:01  Pylon  
  17  1:03  Probe  
  18  1:16  Gateway  
  18  1:20  Probe  
  19  1:27  Zealot  
  21  1:44  Cybernetics Core  
  21  1:49  Forge  
  21  1:55  Zealot  
  23  2:10  Nexus  
  23  2:21  Stalker  
  25  2:27  Stalker  
  27  2:36  Warp Gate  
  27  2:41  Probe  
  28  2:51  Assimilator  
  28  2:53  Probe  
  28  2:56  Stalker  
  31  3:06  Pylon  
  31  3:21  Stalker, Probe  
  31  3:23  Forge, Probe  
  35  3:31  Probe  
  36  3:46  Robotics Facility  
  36  3:50  Stalker  
  36  3:54  Probe  
  39  3:57  Probe  
  39  4:00  Stalker  
  42  4:07  Probe  
  42  4:09  Probe  
  44  4:10  Assimilator  
  44  4:24  Gateway  
  44  4:30  Stalker  
  46  4:33  Observer  
  47  4:40  Stalker  
  49  4:50  Pylon  
  49  4:59  Photon Cannon  
  49  5:05  Immortal  
  53  5:12  Photon Cannon  
  53  5:15  Pylon  
  53  5:19  Stalker  
  55  5:24  Probe  
  55  5:26  Probe  
  57  5:39  Observer  
  57  5:50  Warp Prism  
  59  6:37  Stalker  
  59  6:38  Stalker x2  
  65  6:50  Twilight Council  
  65  6:59  Stargate  
  65  7:01  Pylon, Stargate, Probe  
  65  7:03  Pylon  
  65  7:05  Assimilator  
  66  7:10  Stalker x2  
  70  7:19  Probe  
  66  7:31  Probe  
  65  7:45  Phoenix x2  
  69  7:58  Photon Cannon  
  69  7:59  Photon Cannon  
  69  8:00  Probe  
  69  8:02  Fleet Beacon  
  70  8:08  Probe  
  71  8:18  Probe  
  72  8:36  Phoenix x2  
  76  9:02  Stalker x2  
  80  9:04  Phoenix x2  
  84  9:23  Anion Pulse-Crystals  
  84  9:40  Pylon x2  
  84  9:43  Dark Shrine  
  76  9:57  Phoenix x2  
  80  10:18  Phoenix x2  
  84  10:35  Phoenix x2  
  84  10:45  Protoss Air Weapons Level 1  
  88  10:56  Photon Cannon  
  88  11:03  Dark Templar  
  88  11:04  Dark Templar x2  
  94  11:40  Phoenix  
  94  11:41  Phoenix  
  98  11:57  Phoenix  
  98  11:58  Phoenix  
  100  12:21  Phoenix  
  102  12:23  Phoenix  
  90  12:46  Phoenix  
  90  12:48  Phoenix  
  94  12:56  Shield Battery x2  
  94  13:07  Shield Battery  
  94  13:08  Photon Cannon  
  94  13:09  Photon Cannon  
  94  13:11  Phoenix  
  96  13:13  Phoenix  
  98  13:20  Photon Cannon  
  98  13:36  Phoenix  
  98  13:38  Phoenix  
  102  14:18  Nexus  
  102  14:21  Pylon  
  102  14:26  Pylon  
  102  14:39  Phoenix x2  
  96  15:04  Phoenix x2  
  100  15:23  Assimilator, Observer  
  100  15:25  Assimilator  
  67  15:44  Observer  
  47  15:58  Stalker x2  
  47  15:59  Stalker  
Show
View Real Time Build Order
Export as new Build Order

Throwfordays Protoss - Winner!

Build Orders: Carriers 

Get SALT Encoding   

  12  0:00  Probe  
  13  0:13  Probe  
  14  0:19  Pylon  
  14  0:25  Probe  
  15  0:37  Probe  
  15  0:38  Gateway  
  16  0:45  Assimilator  
  16  0:49  Probe  
  17  1:01  Probe  
  18  1:13  Probe  
  18  1:17  Zealot  
  19  1:25  Probe  
  22  1:29  Pylon  
  22  1:39  Zealot  
  24  2:04  Zealot  
  24  2:06  Assimilator  
  26  2:25  Cybernetics Core  
  26  2:34  Nexus  
  26  2:43  Probe  
  27  2:52  Nexus  
  27  2:55  Probe  
  28  3:01  Pylon  
  28  3:03  Warp Gate  
  28  3:05  Pylon  
  28  3:07  Probe  
  29  3:20  Pylon  
  29  3:24  Probe  
  30  3:36  Probe  
  30  3:40  Stargate  
  31  3:46  Assimilator  
  31  3:48  Probe  
  31  3:49  Probe  
  33  3:57  Probe  
  33  4:00  Probe  
  35  4:04  Probe  
  35  4:05  Probe  
  37  4:13  Probe  
  37  4:15  Assimilator  
  37  4:16  Probe  
  39  4:25  Probe  
  39  4:28  Probe  
  41  4:33  Probe  
  41  4:37  Probe  
  43  4:38  Probe  
  44  4:45  Probe  
  44  4:46  Probe  
  44  4:49  Assimilator, Probe  
  47  4:54  Assimilator  
  47  4:55  Probe  
  47  4:58  Probe  
  49  5:01  Stargate, Probe  
  49  5:06  Stargate  
  50  5:07  Probe  
  50  5:10  Probe  
  50  5:12  Stargate  
  50  5:13  Probe  
  53  5:16  Stargate  
  53  5:19  Probe  
  54  5:22  Probe  
  54  5:25  Probe  
  56  5:31  Probe  
  56  5:34  Probe  
  58  5:37  Probe  
  58  5:39  Probe  
  59  5:46  Probe  
  59  5:47  Probe  
  62  5:57  Probe  
  62  6:00  Probe  
  62  6:03  Probe  
  65  6:09  Void Ray x3, Probe  
  78  6:12  Probe  
  78  6:15  Probe  
  78  6:16  Pylon  
  80  6:18  Pylon  
  80  6:22  Pylon, Probe, Protoss Air Weapons Level 1  
  80  6:24  Probe  
  82  6:26  Pylon  
  82  6:27  Probe  
  83  6:34  Void Ray x2, Probe  
  83  6:37  Probe  
  83  6:39  Probe  
  94  6:49  Robotics Facility, Probe  
  94  6:51  Probe  
  96  6:59  Forge  
  96  7:03  Void Ray x3  
  108  7:10  Forge  
  108  7:12  Fleet Beacon  
  107  7:27  Void Ray x2  
  115  7:32  Protoss Shields Level 1  
  115  7:51  Photon Cannon  
  115  7:53  Photon Cannon  
  115  7:55  Photon Cannon  
  115  7:57  Photon Cannon  
  115  8:00  Photon Cannon  
  115  8:02  Photon Cannon  
  115  8:17  Anion Pulse-Crystals  
  103  8:56  Pylon  
  103  9:02  Protoss Air Weapons Level 2  
  103  9:07  Void Ray x3  
  115  9:13  Void Ray  
  115  9:14  Void Ray  
  123  9:18  Twilight Council  
  124  9:31  Observer  
  112  9:51  Protoss Shields Level 2, Pylon  
  112  9:54  Photon Cannon  
  112  9:56  Photon Cannon  
  112  9:58  Photon Cannon  
  112  10:01  Photon Cannon  
  112  10:04  Void Ray x3  
  112  10:05  Photon Cannon  
  124  10:08  Photon Cannon, Void Ray x2  
  124  10:10  Photon Cannon  
  132  10:15  Pylon  
  132  10:16  Pylon  
  132  10:20  Pylon  
  132  10:22  Pylon  
  132  10:23  Observer  
  133  10:37  Nexus  
  133  10:45  Observer  
  133  10:47  Void Ray x3  
  146  10:51  Void Ray x2  
  146  10:53  Pylon  
  146  10:55  Pylon  
  154  10:57  Pylon  
  154  10:59  Pylon x2  
  154  11:01  Pylon  
  154  11:10  Assimilator  
  154  11:12  Cybernetics Core  
  154  11:13  Assimilator  
  154  11:21  Mothership  
  162  11:35  Robotics Bay  
  162  11:40  Carrier  
  168  11:51  Protoss Shields Level 3  
  168  12:04  Carrier  
  174  12:15  Protoss Air Weapons Level 3  
  174  12:17  Protoss Air Armor Level 1  
  174  12:39  Carrier  
  180  13:32  Carrier x3  
  198  13:59  Protoss Ground Weapons Level 1  
  198  14:01  Protoss Air Armor Level 2  
Show
View Real Time Build Order
Export as new Build Order

Cthulhu Terran - Winner!

Build Orders:  

Get SALT Encoding   

  12  0:01  SCV  
  13  0:13  SCV  
  14  0:25  Supply Depot  
  14  0:28  SCV  
  15  0:46  SCV  
  15  0:48  Barracks  
  16  0:53  Refinery  
  16  0:58  SCV  
  16  0:59  Supply Depot  
  17  1:14  SCV  
  18  1:35  Marine  
  18  1:37  Supply Depot  
  19  2:00  Orbital Command  
  19  2:03  Refinery  
  19  2:09  Engineering Bay  
  19  2:10  Marine  
  19  2:13  Barracks  
  20  2:35  SCV  
  21  2:50  Terran Infantry Weapons Level 1  
  21  3:02  Barracks  
  21  3:03  Barracks Tech Lab  
  21  3:04  Factory  
  21  3:19  Supply Depot, SCV  
  22  3:31  SCV  
  23  3:34  Engineering Bay  
  23  3:36  Concussive Shells  
  23  3:39  Marauder  
  25  3:51  Starport  
  25  3:56  SCV  
  25  4:02  Marauder  
  28  4:08  Terran Infantry Armor Level 1  
  28  4:18  Armory  
  30  4:31  Barracks Tech Lab, Marauder  
  30  4:49  Medivac  
  32  4:54  Hellion  
  32  4:55  Stimpack  
  34  5:11  Marauder x2  
  34  5:12  Marine  
  39  5:15  Hellion  
  41  5:25  SCV  
  42  5:30  Terran Infantry Weapons Level 2  
  42  5:32  Marine  
  42  5:33  Marine x2  
  45  5:37  Hellion  
  47  6:03  Command Center  
  47  6:06  Hellion  
  49  6:13  Terran Infantry Armor Level 2  
  49  6:19  Supply Depot  
  48  6:29  Medivac  
  50  6:51  Marine x3  
  53  6:59  Missile Turret  
  52  7:32  Marine x2  
  52  7:33  Marine  
  54  7:52  Orbital Command  
  54  7:55  SCV  
  55  8:08  SCV  
  56  8:40  SCV  
  57  9:04  Marine  
  57  9:05  Marauder x2  
  57  9:06  Medivac  
  64  9:10  Terran Infantry Armor Level 3, Terran Infantry Weapons Level 3  
  63  9:19  Barracks  
  63  9:22  Marine  
  64  9:27  Missile Turret  
  64  9:28  Sensor Tower  
  64  9:29  Missile Turret  
  64  9:30  Missile Turret  
  64  9:34  Missile Turret  
  58  9:54  SCV x2  
  58  9:57  Marine  
  58  9:58  Marauder x2  
  61  10:02  Starport Reactor  
  61  10:15  Marine  
  62  10:30  Marauder x2  
  62  10:31  Command Center  
  66  10:38  SCV x2  
  66  10:40  Viking  
  66  10:41  Viking  
  72  10:48  Combat Shield  
  72  10:53  Marine, Marauder  
  72  10:54  Marauder  
  72  10:55  Barracks Reactor  
  77  11:06  Barracks Reactor  
  77  11:21  SCV  
  78  11:28  Supply Depot  
  78  11:29  Marine  
  78  11:30  SCV, Supply Depot  
  80  11:41  Marauder x2  
  80  11:42  Medivac x2  
  80  11:45  SCV x2  
  90  11:47  Marine  
  91  12:01  Marine  
  92  12:13  Sensor Tower  
  89  12:33  Missile Turret  
  89  12:43  Medivac x2  
  93  12:46  Hi-Sec Auto Tracking  
  93  12:47  Neosteel Armor  
  93  12:52  Supply Depot  
  93  12:53  Missile Turret  
  93  13:08  Marine, Marauder x2  
  98  13:15  Medivac, Command Center  
  100  13:26  Marine  
  101  13:42  Refinery x2  
  101  13:46  Command Center  
  101  13:59  Viking  
  101  14:00  Viking  
  105  14:06  Orbital Command  
  105  14:11  Refinery  
  105  14:25  Marine x3  
  105  14:28  Marine x2  
  109  14:43  Marine  
  110  15:15  Orbital Command  
  110  15:18  Orbital Command  
  110  15:21  Marine  
  110  15:22  Marine x4  
  115  15:39  Marine  
  115  15:40  Marine x2  
Tags
 
Add a new tag
Caveats
  • Supply blocks, unpowered buildings, or Contaminate may cause inaccurate times.
  • Supply counts are checked every 10 seconds.